 Seeded DCSS version 0.28.0-1-gb440e238dd (webtiles) character file.

Game seed: 18446744073709551615 (custom seed)

2454 lonewolfV2 the Cleaver (level 9, 0/78 HPs)
             Began as a Hill Orc Fighter on Feb 20, 2022.
             Slain by Harold (9 damage)
             ... on level 7 of the Dungeon.
             The game lasted 00:09:37 (7656 turns).

lonewolfV2 the Cleaver (Hill Orc Fighter)           Turns: 7656, Time: 00:09:37

Health: 0/78       AC: 15    Str: 19    XL:     9   Next: 50%
Magic:  9/9        EV:  8    Int:  8    God:
Gold:   274        SH:  0    Dex: 14    Spells: 8/8 levels left

rFire   . . .      SeeInvis .   f - +6 flail
rCold   . . .      Faith    .   c - +0 buckler
rNeg    + . .      Spirit   .   h - +1 chain mail {rN+}
rPois   .          Reflect  .   (no helmet)
rElec   .          Harm     .   e - +2 cloak
rCorr   .          Rampage  .   (no gloves)
Will    .....                   (no boots)
Stlth   ..........              (no amulet)
HPRegen 0.23/turn               g - ring of flight
MPRegen 0.11/turn               (no ring)

@: confused, ambrosia-drunk, marked, flying, hasted, very quick
A: no striking features
a: no special abilities


You were on level 7 of the Dungeon.
You visited 1 branch of the dungeon, and saw 7 of its levels.

You collected 274 gold pieces.

Inventory:

Hand Weapons
 a - a +0 war axe of flaming
 f - a +6 flail (weapon)
Armour
 b - a +0 scale mail
 c - a +0 buckler (worn)
 e - a +2 cloak (worn)
 h - a +1 chain mail of positive energy (worn)
 n - a scarf of repulsion
Jewellery
 g - a ring of flight (left hand)
 j - a ring of ice
Wands
 k - a wand of iceblast (4)
 q - a wand of flame (20)
Scrolls
 l - 2 scrolls of identify
 m - a scroll of amnesia
Potions
 d - a potion of haste
 o - a potion of brilliance
 r - a potion of berserk rage {unknown}


   Skills:
 + Level 6.7 Fighting
 + Level 10.7(11.1) Axes
 + Level 3.4(6.7) Maces & Flails
 + Level 0.1 Throwing
 + Level 7.3 Armour
 + Level 1.5 Dodging
 + Level 0.7 Stealth
 + Level 5.3 Shields


You had 8 spell levels left.
You didn't know any spells.
Your spell library contained the following spells:

 Spells                   Type           Power      Damage    Failure   Level
 Animate Skeleton         Necr           0%         N/A       99%         1
 Pain                     Necr           0%         1d4       99%         1
 Confusing Touch          Hex            0%         N/A       100%        3
 Portal Projectile        Hex/Tloc       0%         N/A       100%        3
 Vampiric Draining        Necr           0%         2d6       100%        3
 Blade Hands              Tmut           0%         N/A       100%        5
 Excruciating Wounds      Necr           0%         N/A       100%        5
 Freezing Cloud           Conj/Ice/Air   0%         6-21      100%        5
 Yara's Violent Unravell  Hex/Tmut       0%         3d3       100%        5
 Simulacrum               Ice/Necr       0%         N/A       100%        6
 Enfeeble                 Hex            0%         N/A       100%        7
 Polar Vortex             Ice            0%         N/A       100%        9


Dungeon Overview and Level Annotations

Branches:
Dungeon (7/15)             Temple (0/1) D:7

Altars:
Beogh

Annotations:
D:7 Harold


Message History

The centaur zombie kicks you but does no damage.
The iguana bites you!
* * * LOW HITPOINT WARNING * * *
Harold hits you with a +0 halberd!
* * * LOW HITPOINT WARNING * * *
You feel yourself speed up.
The centaur zombie hits you but does no damage.
The centaur zombie kicks you but does no damage.
The iguana bites you but does no damage.
Harold hits you with a +0 halberd.
* * * LOW HITPOINT WARNING * * *
The centaur zombie hits you but does no damage.
The centaur zombie kicks you but does no damage.
The iguana bites you.
* * * LOW HITPOINT WARNING * * *
The centaur zombie hits you but does no damage.
The centaur zombie kicks you but does no damage.
Harold closely misses you.
You hit Harold but do no damage.
Harold is moderately wounded.
The centaur zombie barely misses you.
The centaur zombie kicks you but does no damage.
The iguana bites you but does no damage.
Harold gestures at you while chanting. A sentinel's mark forms upon you.
You are too confused!
You sock the centaur zombie!
The centaur zombie is moderately damaged.
Harold hits you with a +0 halberd!
* * * LOW HITPOINT WARNING * * *
The centaur zombie closely misses you.
The centaur zombie kicks you but does no damage.
You bump into the rock wall.
The centaur zombie barely misses you.
The centaur zombie completely misses you.
Harold hits you with a +0 halberd!
* * * LOW HITPOINT WARNING * * *
You bump into the rock wall.
The centaur zombie closely misses you.
The centaur zombie kicks you but does no damage.
Harold hits you from afar with a +0 halberd!
You die...

## ..# ..# ...
..#######.#####
.......l.).....
##....@Z##..###
######..# .#
##@##.## ##.....#
#..P.P.#..
#...>....#
##.######..P.P..##
##................#
....####...........
#.###.#
#........##.
..>....###........#


You could see Harold, an iguana and a centaur zombie.

Vanquished Creatures
  The ghost of ooooo the Conjurer, a novice OpCj (D:5)
  Grinder (D:3)
  Sigmund (D:2)
  A steam dragon (D:6)
  Edmund (D:6)
  Duvessa (D:6)
  A necrophage (D:6)
  A black bear (D:5)
  An ice beast (D:6)
  A sky beast (D:6)
  3 ogres
  A centaur (D:6)
  Blork the orc (D:4)
  A bullfrog (D:6)
  A scorpion (D:4)
  Dowan (D:6)
  2 orc priests
  2 hounds
  A jelly (D:6)
  Jessica (D:3)
  3 iguanas
  4 orc wizards
  A killer bee zombie (D:6)
  A mummy (D:5)
  4 gnolls (D:4)
  A howler monkey skeleton (D:6)
  5 adders
  2 ufetubi
  An adder zombie (D:4)
  An adder skeleton (D:4)
  A worm (D:2)
  2 dart slugs (D:1)
  28 orcs
  3 bats
  3 endoplasms
  3 giant cockroaches
  4 goblins
  6 hobgoblins
  4 kobolds
  3 quokkas
  5 ball pythons
  3 frilled lizards (D:1)
  A kobold zombie (D:5)
  3 orc zombies (D:5)
  3 rats
119 creatures vanquished.

Notes
Turn   | Place    | Note
-------+----------+-------------------------------------------
     0 | D:1      | lonewolfV2 the Hill Orc Fighter began the quest for the
                  | Orb.
     0 | D:1      | Reached XP level 1. HP: 19/19 MP: 1/1
   110 | D:1      | Found a faded altar of an unknown god.
   273 | D:1      | Reached XP level 2. HP: 25/27 MP: 2/2
   968 | D:1      | Reached XP level 3. HP: 32/33 MP: 3/3
  1252 | D:2      | Reached skill level 3 in Axes
  1325 | D:2      | Noticed Sigmund
  1348 | D:2      | Killed Sigmund
  1349 | D:2      | Reached skill level 4 in Axes
  1349 | D:2      | Reached XP level 4. HP: 7/41 MP: 4/4
  1349 | D:2      | Reached XP level 5. HP: 8/47 MP: 5/5
  1591 | D:2      | Reached skill level 5 in Axes
  1913 | D:3      | Reached XP level 6. HP: 48/53 MP: 6/6
  2076 | D:3      | Noticed Grinder
  2084 | D:3      | Reached skill level 6 in Axes
  2108 | D:3      | HP: 2/53 [Grinder (3)]
  2120 | D:3      | Paralysed by Grinder for 5 turns
  2132 | D:3      | Killed Grinder
  2133 | D:3      | Reached skill level 5 in Fighting
  2133 | D:3      | Reached XP level 7. HP: 6/61 MP: 7/7
  2906 | D:3      | Noticed Jessica
  2914 | D:3      | Killed Jessica
  2915 | D:3      | Reached skill level 7 in Axes
  2915 | D:3      | Reached skill level 5 in Armour
  2915 | D:3      | Reached skill level 1 in Dodging
  3285 | D:4      | Noticed Blork the orc
  3298 | D:4      | Killed Blork the orc
  3948 | D:4      | Reached skill level 8 in Axes
  4326 | D:5      | Entered Level 5 of the Dungeon
  4444 | D:5      | Found a runed translucent gate.
  4445 | D:5      | Found a runed translucent gate.
  4446 | D:5      | Found a runed translucent gate.
  4446 | D:5      | Noticed ooooo's ghost (novice OpCj)
  4681 | D:5      | Reached XP level 8. HP: 69/69 MP: 8/8
  5172 | D:5      | Reached skill level 9 in Axes
  5450 | D:5      | Found a roughly hewn altar of Beogh.
  5494 | D:5      | Killed ooooo's ghost
  5658 | D:6      | Reached skill level 10 in Axes
  5674 | D:6      | Noticed Edmund
  5683 | D:6      | Killed Edmund
  5684 | D:6      | Reached skill level 5 in Shields
  5810 | D:6      | Reached skill level 1 in Maces & Flails
  5810 | D:6      | Reached XP level 9. HP: 75/75 MP: 9/9
  5945 | D:6      | Noticed Duvessa
  5945 | D:6      | Noticed Dowan
  5965 | D:6      | Killed Duvessa
  5968 | D:6      | Killed Dowan
  7624 | D:7      | Found a staircase to the Ecumenical Temple.
  7637 | D:7      | Noticed Harold
  7656 | D:7      | Slain by Harold

Illustrated notes

Levels and vault maps discovered:
D:1:      matt_arrival_refuge, layout_basic, ebering_ecumenical_altar_hall
D:2:      layout_rooms, uniq_sigmund
D:3:      layout_loops_cross, uniq_jessica, uniq_grinder
D:4:      layout_basic, uniq_blork_the_orc
D:5:      layout_basic, biasface_ghost_orc_armoury, minmay_mini_ossuary
D:6:      layout_basic, uniq_duvessa, uniq_edmund
D:7:      layout_rooms, minmay_temple_entry_trees, serial_shops,
          nicolae_shop_behind_doors, minmay_small_thing, uniq_pikel,
          uniq_harold, uniq_maggie

Skill      XL: |  1  2  3  4  5  6  7  8  9 |
---------------+----------------------------+-----
Fighting       | 4 5 6 |  6.7
Armour         | 4 5 6 7 |  7.3
Axes           | 4 5 6 8 10 | 10.7
Shields        | 4 5 |  5.3
Dodging        | 1 |  1.5
Maces & Flails | 1 3 |  3.4
Throwing       | |  0.1
Stealth        | |  0.7

Action                   |  1- 3 |  4- 6 |  7- 9 || total
-------------------------+-------+-------+-------++-------
Melee: War axe           |    81 |    75 |   207 ||   363
       Flail             |       |       |   111 ||   111
Throw: Throwing net      |     2 |       |     2 ||     4
  Use: Potion            |     3 |     3 |     3 ||     9
       Scroll            |       |       |     8 ||     8
 Stab: Held in net/web   |     1 |       |       ||     1
Armor: Scale mail        |    18 |       |       ||    18
       Chain mail        |    15 |    45 |   229 ||   289
       Skin              |     1 |       |       ||     1
Dodge: Dodged            |    28 |    23 |   127 ||   178
Block: Buckler           |    19 |    15 |    90 ||   124
